 Dungeon Crawl Stone Soup version 0.17-a0-2127-g1cb09f6 (webtiles) character file.

4553 brucemayne the Cleaver (level 10, -8/73 HPs)
             Began as a Demonspawn Assassin on Oct 22, 2015.
             Was a Believer of Makhleb.
             Mangled by a cyan ugly thing (15 damage)
             ... on level 8 of the Dungeon.
             The game lasted 00:22:07 (3538 turns).

brucemayne the Cleaver (Demonspawn Assassin)        Turns: 3538, Time: 00:22:07

Health: -8/73      AC: 22    Str: 15    XL:     10   Next: 17%
Magic:  0/10       EV:  4    Int: 13    God:    Makhleb [**....]
Gold:   287        SH:  0    Dex: 14    Spells: 0 memorised, 9 levels left

rFire  + . .     SeeInvis +     z - +1 war axe
rCold  . . .     Clarity  .     t - +0 plate armour
rNeg   . . .     SustAt   .     (no shield)
rPois  .         Gourm    .     (no helmet)
rElec  .         Spirit   +     d - +1 cloak
rCorr  .         Warding  .     E - +0 pair of gloves
rMut   .         Stasis   .     n - +0 pair of boots
MR     .....                    A - amulet of guardian spirit
Stlth  ..........               U - ring of see invisible
                                u - +4 ring of protection

@: about to teleport, not resistant to hostile enchantments, extremely
unstealthy
A: claws 2, talons 1, yellow scales 1, fire resistance 1, powered by death 2,
magic shield
a: Minor Destruction, Renounce Religion


You were on level 8 of the Dungeon.
You worshipped Makhleb.
Makhleb was pleased with you.
You were hungry.

You visited 2 branches of the dungeon, and saw 13 of its levels.

You collected 287 gold pieces.

Inventory:

Hand Weapons
 a - a +2 dagger
 b - a +0 blowgun
 r - a +4 flail of protection
 x - a +2 short sword of venom
 y - a +0 hand axe
 z - a +1 war axe (weapon)
Missiles
 e - 14 poisoned needles
 N - 4 needles of slowing
 P - 5 javelins
Armour
 c - a +0 robe
 d - a +1 cloak (worn)
 f - a +0 scale mail (quivered)
 h - the +1 leather armour of Eternal Vigilance {+Blink rElec rCorr Str-5}
   (You found it on level 9 of the Dungeon)

   It affects your strength (-5).
   It insulates you from electricity.
   It lets you blink.
   It protects you from acid and corrosion.
 n - a +0 pair of boots (worn)
 s - a +0 ring mail
 t - a +0 plate armour (worn)
 E - a +0 pair of gloves (worn)
Jewellery
 u - a +4 ring of protection (left hand)
 w - an uncursed ring of sustain attributes
 A - an amulet of guardian spirit (around neck)
 G - the ring of Qeck {+Inv rC- Int+4 Dex+4}
   (You found it on level 7 of the Dungeon)

   [ring of intelligence]

   It affects your intelligence (+4).
   It affects your dexterity (+4).
   It makes you vulnerable to cold.
   It lets you turn invisible.
 U - a ring of see invisible (right hand)
Wands
 D - a wand of magic darts (29)
 K - a wand of flame (20)
 R - a wand of cold (1)
Scrolls
 k - a scroll of enchant armour
 p - 3 scrolls of remove curse
 v - 2 scrolls of recharging
 S - a scroll of random uselessness {unknown}
 T - a scroll of summoning {unknown}
Potions
 j - 3 potions of curing {unknown}
 l - a potion of might {unknown}
 q - 2 potions of cure mutation
 F - a potion of ambrosia {unknown}
 J - 5 potions of haste {unknown}
 M - a potion of degeneration {unknown}
Books
 I - a book of Death

   Spells                             Type                      Level
   a - Corpse Rot                     Necromancy                   2
   b - Sublimation of Blood           Necromancy                   2
   c - Agony                          Necromancy                   5
   d - Dispel Undead                  Necromancy                   5
   e - Excruciating Wounds            Charms/Necromancy            5
   f - Bolt of Draining               Conjuration/Necromancy       5
 O - a book of Transfigurations

   Spells                             Type                      Level
   a - Stoneskin                      Transmutation/Earth          2
   b - Irradiate                      Conjuration/Transmutation    5
   c - Statue Form                    Transmutation/Earth          6
   d - Hydra Form                     Transmutation                6
   e - Dragon Form                    Transmutation                7
Comestibles
 g - 3 bread rations
 m - 2 beef jerkies
 B - 2 meat rations
 C - a slice of pizza
 L - a royal jelly


   Skills:
 - Level 4.7 Fighting
 - Level 2.0 Short Blades
 + Level 12.0 Axes
 - Level 1.7 Throwing
 - Level 3.8 Armour
 - Level 0.8 Dodging
 - Level 3.6 Stealth


You had 9 spell levels left.
You didn't know any spells.

Dungeon Overview and Level Annotations

Branches:
Dungeon (12/15)            Temple (1/1) D:7
   Lair: D:8-11         Orc: D:9-12

Altars:
Ashenzari
Cheibriados
Dithmenos
Elyvilon
Fedhas
Gozag
Kikubaaqudgha
Makhleb
Nemelex Xobeh
Okawaru
Qazlal
Ru
Sif Muna
Trog
Vehumet
Yredelemnul
Zin
The Shining One

Portals:
Ice
Cave: D:11

Annotations:
D:10 brucemayne's ghost, novice DsBe
D:11 Josephine


Innate Abilities, Weirdness & Mutations

You have very sharp fingernails.
You are partially covered in yellow scales (AC +2).
You regenerate health from kills.
When hurt, damage is shared between your health and your magic reserves.
You have sharp toenails.
Your flesh is heat resistant.


Message History

The cyan ugly thing kicks you! The cyan ugly thing shocks you!
A mysterious force pulls you upwards. The hatch slams shut behind you.
Unknown command.
Unknown command.
You completely miss the cyan ugly thing.
The cyan ugly thing is moderately wounded.
The cyan ugly thing kicks you. The cyan ugly thing shocks you!
* * * LOW HITPOINT WARNING * * *
Drink which item? (? for menu, Esc to quit)
You feel much better. The cyan ugly thing kicks you.
The cyan ugly thing shocks you!
* * * LOW HITPOINT WARNING * * *
Read which item? (? for menu, Esc to quit)
As you read the scroll of teleportation, it crumbles to dust.
You feel strangely unstable.
The cyan ugly thing kicks you but does no damage.
The cyan ugly thing kicks you!
* * * LOW HITPOINT WARNING * * *
The cyan ugly thing shocks you!
You die...

#..................#########
#####..##.#...#...#.#.....)>....
#...#..##.........#.##.####.#.#.
#.................#.#### #.#...
#...#..........#.##.# #.###.
##)##......#..8....<# #.# #.
#.##.....###....#### #.. ..
#.###.#..#.#..8.###### ######
###.# #.##.#_'..@u.....# #...#
#.#..#^#..8.####.# #.###
#....###....####.# #.##
##.<..#..8.....#.# ...#
#........#....#.# ...#
#.....####......# ...# #.....#
#.###### ...# ####### #.# ...#
#.#


You could see a cyan ugly thing.

Vanquished Creatures
  Joseph (D:9)
  A troll (D:9)
  Sigmund (D:4)
  A wraith (D:11)
  2 yaks (D:11)
  3 hippogriffs
  Edmund (D:4)
  8 ice beasts (D:11)
  A water moccasin (D:10)
  A phantom (D:4)
  3 sky beasts
  3 orc warriors
  2 ogres
  3 centaurs
  A crocodile (D:7)
  A necrophage (D:8)
  2 giant frogs
  3 killer bees
  2 crimson imps (D:7)
  A giant frog zombie (D:7)
  3 hounds
  4 jellies
  2 orc priests
  2 centaur skeletons
  A giant frog skeleton (D:9)
  An iguana (D:7)
  2 orc wizards
  2 worker ants (D:4)
  2 hound skeletons
  3 adders
  2 shadow imps (D:7)
  An adder zombie (D:5)
  A worm (D:3)
  2 giant geckos
  20 orcs
  A ball python (D:2)
  A bat (D:3)
  2 goblins
  A hobgoblin (D:3)
  2 quokkas
  A giant cockroach (D:4)
  6 giant newts
  4 kobolds
  A quokka zombie (D:7)
  A rat (D:3)
109 creatures vanquished.

Notes
Turn   | Place    | Note
--------------------------------------------------------------
     0 | D:1      | brucemayne the Demonspawn Assassin began the quest for the Orb.
     0 | D:1      | Reached XP level 1. HP: 16/16 MP: 1/1
   299 | D:3      | Reached skill level 1 in Armour
   299 | D:3      | Gained mutation: You have sharp fingernails. [demonic ancestry]
   299 | D:3      | Reached XP level 2. HP: 8/23 MP: 2/2
   386 | D:4      | Noticed Edmund
   404 | D:4      | Killed Edmund
   404 | D:4      | Reached XP level 3. HP: 16/30 MP: 3/3
   404 | D:4      | Reached XP level 4. HP: 19/37 MP: 4/4
   429 | D:4      | Noticed a phantom
   555 | D:3      | Reached XP level 5. HP: 36/42 MP: 5/5
   619 | D:2      | Found a faded altar to an unknown god.
   714 | D:3      | Found a bloodstained altar of Trog.
   789 | D:4      | Noticed Sigmund
   798 | D:4      | Killed Sigmund
   798 | D:4      | Reached skill level 4 in Fighting
   798 | D:4      | Gained mutation: You regenerate a little health from kills. [demonic ancestry]
   798 | D:4      | Reached XP level 6. HP: 47/49 MP: 6/6
   866 | D:4      | Killed a phantom
   999 | D:5      | Entered Level 5 of the Dungeon
  1048 | D:5      | Found a basalt altar of Yredelemnul.
  1074 | D:5      | Gained mutation: When hurt, damage is shared between your health and your magic reserves. [demonic ancestry]
  1074 | D:5      | Reached XP level 7. HP: 41/55 MP: 5/7
  1305 | D:6      | Reached skill level 5 in Axes
  1410 | D:7      | Found a deep blue altar of Sif Muna.
  1410 | D:7      | Found a glowing golden altar of the Shining One.
  1410 | D:7      | Found a bloodstained altar of Trog.
  1445 | D:7      | Gained mutation: You regenerate health from kills. [demonic ancestry]
  1445 | D:7      | Reached XP level 8. HP: 57/61 MP: 6/8
  1447 | D:7      | Reached skill level 6 in Axes
  1500 | D:7      | Found a staircase to the Ecumenical Temple.
  1509 | Temple   | Entered the Ecumenical Temple
  1542 | Temple   | Became a worshipper of Makhleb the Destroyer
  1799 | D:8      | Found a glowing silver altar of Zin.
  1834 | D:8      | Reached skill level 7 in Axes
  1884 | D:7      | Gained mutation: You have sharp toenails. [potion of beneficial mutation]
  1885 | D:7      | Gained mutation: Your flesh is heat resistant. [potion of beneficial mutation]
  1967 | D:9      | Noticed a troll
  1985 | D:9      | Killed a troll
  1985 | D:9      | Reached skill level 8 in Axes
  2082 | D:9      | Got a twisted leather armour
  2126 | D:9      | Identified the +1 leather armour of Eternal Vigilance {+Blink rElec rCorr Str-5} (You found it on level 9 of the Dungeon)
  2203 | D:9      | Reached * piety under Makhleb
  2211 | D:10     | Entered Level 10 of the Dungeon
  2278 | D:9      | Noticed Joseph
  2390 | D:8      | Reached skill level 9 in Axes
  2390 | D:8      | Gained mutation: You are partially covered in yellow scales (AC +2). [demonic ancestry]
  2390 | D:8      | Reached XP level 9. HP: 64/64 MP: 7/9
  2448 | D:9      | Found an opulent altar of Gozag.
  2448 | D:9      | Found an ancient bone altar of Kikubaaqudgha.
  2652 | D:7      | Got a transparent jade ring
  2659 | D:7      | Identified the ring of Qeck {+Inv rC- Int+4 Dex+4} (You found it on level 7 of the Dungeon)
  2815 | D:9      | Killed Joseph
  2815 | D:9      | Reached skill level 10 in Axes
  2954 | D:10     | Noticed a merfolk
  3123 | D:11     | Reached skill level 11 in Axes
  3221 | D:11     | Found a frozen archway.
  3237 | D:11     | Reached ** piety under Makhleb
  3247 | D:11     | Gained mutation: You have very sharp fingernails. [demonic ancestry]
  3247 | D:11     | Reached XP level 10. HP: 63/71 MP: 10/10
  3277 | D:11     | Noticed a cyan ugly thing
  3287 | D:11     | Found a deep blue altar of Sif Muna.
  3326 | D:11     | Noticed Josephine
  3350 | D:10     | Noticed a cyan ugly thing
  3365 | D:10     | Reached skill level 12 in Axes
  3452 | D:10     | Noticed brucemayne's ghost (novice DsBe)
  3453 | D:10     | Noticed a deep elf knight
  3524 | D:9      | Noticed a troll
  3538 | D:8      | Mangled by a cyan ugly thing

Vault maps used:
D:1:      dpeg_arrival_tiny_a, wad_floor_pattern_2
D:2:      ecumenical_altar_1
D:3:      st_stairs_6, minmay_misc_feat_alley, trog_three_pillars_becter
D:4:      uniq_sigmund, uniq_edmund
D:5:      tgw_xom, first_bread, basic_altar, uniq_pikel
D:6:      kennysheep_steamy
D:7:      gammafunk_temple_overflow_forgotten
D:8:      zin_statuary
D:9:      gammafunk_temple_overflow_wave, minmay_crystal_room, uniq_joseph
D:10:     hangedman_stone_soup, sword_in_stone, uniq_fannar
D:11:     erik_lair_island, serial_glass, glass_columns_a, glass_columns_c,
          portal_ice_cave_entry_ice_beasts, basic_altar, hangedman_glass_teeth,
          st_stairs_3, uniq_josephine
D:12:     minmay_weird_star, serial_shops, shop, bloody_trog
Temple:   eino_temple_water_12

Action                   |  1- 3 |  4- 6 |  7- 9 | 10-12 || total
-------------------------+-------+-------+-------+-------++-------
Melee: Dagger            |    15 |    20 |       |       ||    35
       Short sword       |       |    32 |   176 |       ||   208
       Flail             |       |    13 |       |       ||    13
       War axe           |       |       |   233 |    77 ||   310
 Fire: Blowgun           |    19 |     7 |    13 |       ||    39
Evoke: Wand              |       |       |       |     3 ||     3
  Use: Scroll            |       |       |     7 |     4 ||    11
       Potion            |       |       |     2 |     1 ||     3
 Stab: Sleeping          |     2 |     5 |     2 |       ||     9
       Distracted        |       |     1 |       |       ||     1
  Eat: Chunk             |       |       |     7 |     1 ||     8
       Fruit             |       |       |     1 |       ||     1
